 Dungeon Crawl Stone Soup version 0.23.2-40-g277498a001 (webtiles) character file.

Game seed: 7917123744851866374

35 Hempel the Digger (level 3, -2/28 HPs)
             Began as a Deep Dwarf Earth Elementalist on Oct 3, 2019.
             Slain by an orc
             ... wielding a +1 flail of protection
              (6 damage)
             ... on level 2 of the Dungeon.
             The game lasted 00:05:50 (2093 turns).

Hempel the Digger (Deep Dwarf Earth Elementalist)   Turns: 2093, Time: 00:05:50

Health: -2/28      AC:  2    Str: 11    XL:     3   Next: 17%
Magic:  4/6        EV: 13    Int: 16    God:
Gold:   113        SH:  0    Dex: 13    Spells: 3/6 levels left

rFire    . . .     SeeInvis .   (no weapon)
rCold    . . .     Gourm    .   (no shield)
rNeg     . . .     Faith    .   c - +0 robe
rPois    .         Spirit   .   (no helmet)
rElec    .         Reflect  .   (no cloak)
rCorr    .         Harm     .   (no gloves)
MR       .....                  (no boots)
Stlth    ++........             (no amulet)
HPRegen  0.00/turn              (no ring)
MPRegen  0.10/turn              (no ring)

@: non-regenerating
A: damage resistance, heal wounds, sense surroundings 1, no regeneration
a: Heal Wounds


You were on level 2 of the Dungeon.
You were not hungry.

You visited 1 branch of the dungeon, and saw 2 of its levels.

You collected 113 gold pieces.

Inventory:

Missiles
 b - 83 stones (quivered)
 k - 2 throwing nets {!f}
Armour
 c - a +0 robe (worn)
Scrolls
 a - a scroll of remove curse {unknown}
 f - a scroll of enchant armour {unknown}
 g - 3 scrolls of identify {unknown}
 i - 3 scrolls of magic mapping {unknown}
Potions
 d - a potion of agility {unknown}
 e - a potion of curing {unknown}
 h - a potion of lignification {unknown}
Comestibles
 j - a chunk of flesh


   Skills:
 * Level 2.9 Dodging
 + Level 3.0 Stealth
 + Level 2.0 Spellcasting
 - Level 0.8 Transmutations
 * Level 4.6 Earth Magic


You had 3 spell levels left.
You knew the following spells:

 Your Spells              Type           Power        Failure   Level  Hunger
a - Sandblast             Erth           ###...       3%          1    #......
q - Passwall              Tmut/Erth      ##......     10%         2    ###....

Your spell library contained the following spells:

 Spells                   Type           Power        Failure   Level  Hunger
 Stone Arrow              Conj/Erth      #.....       24%         3    ###....
 Petrify                  Tmut/Erth      ##......     54%         4    #####..
 Lee's Rapid Deconstruct  Erth           ###.......   65%         5    ######.


Dungeon Overview and Level Annotations

Branches:
Dungeon (2/15)

Altars:


Innate Abilities, Weirdness & Mutations

You are resistant to damage.
You can heal yourself by infusing magical energy.
You passively map a small area around you.
You do not regenerate.


Message History

You enter the shallow water.
Moving in this stuff is going to be slow.
A goblin comes into view. It is wielding a +0 club.
A goblin is nearby!
Aim: a goblin, wielding a +0 club The blast of sand hits the goblin!
You kill the goblin!
b - 85 stones
Things that are here:
a +0 club; a goblin corpse You butcher the goblin corpse.
j - 2 chunks of flesh
Things that are here:
a +0 club; a goblin skeleton
Things that are here:
a +0 club; a goblin skeleton Eating one of 2 chunks of flesh.
You eat one of the 2 chunks of flesh.
You enter the shallow water.
Moving in this stuff is going to be slow.
You see here a centaur barding.
You see here a centaur barding.
There is a fountain of clear blue water here.
There is a fountain of clear blue water here.
There is a stone staircase leading up here.
Found a club.
There is a stone staircase leading up here.
You see here a club.
Found 2 throwing nets.
k - 2 throwing nets {!f} A frilled lizard, an orc and an orc priest come into view.
The orc is wielding a +1 flail of protection.
There are monsters nearby!
The orc priest looks encouraged for a moment.
Found a stone staircase leading down.
Aim: an orc, wielding a +1 flail of protection (resting)
The blast of sand hits the orc but does no damage.
The orc shouts!
b - 84 stones You hear a shout!
An orc comes into view. It is wielding a +0 short sword.
A rat comes into view.
Aim: an orc priest, wielding a +0 hand axe and wearing a +0 scale mail The blast of sand misses the orc.
The blast of sand hits the orc priest!
b - 83 stones You barely miss the orc.
The orc priest calls down the wrath of Beogh upon you.
Beogh smites you!
* * * LOW HITPOINT WARNING * * *
The orc hits you with a +1 flail of protection!
You die...

, ,* * # * ,, *### # ,
, , ... * # , #####.#
, # , ,, ...#.# * # *
**#.#.## # *
#..r.####### * *
#######.o........l * *
........o@.#* * * *
,>.......#o##
.###.####..# .. * ##.#
##### * ##, * #.#
#.... * , , #.# #...<
#.# #..## _
.#####.###########..#
⌠
..................)..#


You could see an orc priest, 2 orcs and a rat.

Vanquished Creatures
  2 worms (D:2)
  A dart slug (D:1)
  2 leopard geckos
  2 giant cockroaches (D:1)
  4 goblins
  3 hobgoblins
  A kobold (D:1)
  A quokka (D:2)
  A bat (D:1)
  A frilled lizard (D:2)
  8 rats
26 creatures vanquished.

Notes
Turn   | Place    | Note
-------+----------+-------------------------------------------
     0 | D:1      | Hempel the Deep Dwarf Earth Elementalist began the quest
                  | for the Orb.
     0 | D:1      | Reached XP level 1. HP: 15/15 MP: 3/3
   242 | D:1      | Reached XP level 2. HP: 22/22 MP: 1/4
   987 | D:2      | Learned a level 2 spell: Passwall
  1612 | D:2      | Reached XP level 3. HP: 17/28 MP: 2/6
  2093 | D:2      | Slain by an orc

Skill      XL: |  1  2 |
---------------+-------+-----
Spellcasting   | 2 |  2.0
Stealth        | 3 |  3.0
Dodging        | |  2.9
Transmutations | |  0.8
Earth Magic    | |  4.6

Action                   || total
-------------------------++-------
Melee: Unarmed           ||    19
 Cast: Sandblast         ||    33
       Passwall          ||     2
  Eat: Ration            ||     1
       Chunk             ||     1
Armor: Robe              ||     4
Dodge: Dodged            ||    13
